 Dungeon Crawl Stone Soup version 0.18.1-50-g88ac8fd (webtiles) character file.

165403 varam the Eclecticist (level 17, -4/80 HPs)
             Began as a Spriggan Enchanter on Oct 21, 2016.
             Was the Champion of Sif Muna.
             Slain by a shambling mangrove (16 damage)
             ... on level 3 of the Swamp on Oct 22, 2016.
             The game lasted 03:04:35 (51636 turns).

varam the Eclecticist (Spriggan Enchanter)         Turns: 51636, Time: 03:04:36

Health: -4/80      AC:  8    Str:  6    XL:     17   Next: 27%
Magic:  48/48      EV: 21    Int: 17    God:    Sif Muna [******]
Gold:   3131       SH:  0    Dex: 18    Spells: 9 memorised, 12 levels left

rFire  . . .     SeeInvis +     d - +1 dagger (venom)
rCold  . . .     Gourm    .     v - +2 robe {rN+}
rNeg   + + .     Faith    .     (shield restricted)
rPois  +         Spirit   .     C - +2 hat {SInv}
rElec  +         Dismiss  .     p - +1 cloak "Gibi" {rPois}
rCorr  .         Reflect  .     (gloves unavailable)
SustAt .         Harm     .     (boots unavailable)
MR     ++...                    Q - amulet of magic regeneration
Stlth  +++++.....               W - ring "Udwaos" {rElec rPois MP+9 Str+2 Int-5}
                                G - ring of positive energy

@: grasped by roots, very slightly contaminated, deflect missiles, quick, very
resistant to hostile enchantments, quite stealthy
A: unfitting armour, see invisible, herbivore 3, speed 3, frail 1, slow
metabolism 2
a: Channel Energy, Forget Spell, Renounce Religion


You were on level 3 of the Swamp.
You worshipped Sif Muna.
Sif Muna was exalted by your worship.
You were hungry.

You visited 4 branches of the dungeon, and saw 29 of its levels.
You also visited: Bailey.

You collected 3507 gold pieces.
You spent 376 gold pieces at shops.

Inventory:

Hand Weapons
 a - a +1 short sword of electrocution
 d - a +1 dagger of venom (weapon)
 g - a +1 short sword of draining
 N - a +0 antimagic rapier
Missiles
 U - 44 tomahawks (quivered)
Armour
 b - a +1 robe of magic resistance
 p - the +1 cloak "Gibi" (worn) {rPois}
   (You bought it in a shop on level 5 of the Dungeon)

   It protects you from poison.
 v - a +2 robe of positive energy (worn)
 A - a +2 cloak
 B - a swamp dragon hide
 C - a +2 hat of see invisible (worn)
Magical Staves
 n - an uncursed staff of cold {unknown}
 t - an uncursed staff of death {unknown}
Jewellery
 f - an uncursed ring of wizardry
 k - an uncursed ring of wizardry
 l - an uncursed ring of protection from cold
 x - an uncursed ring of ice
 y - an uncursed ring of fire
 E - an uncursed amulet of dismissal
 F - an uncursed ring of resist corrosion
 G - a ring of positive energy (left hand)
 Q - an amulet of magic regeneration (around neck)
 W - the ring "Udwaos" (right hand) {rElec rPois MP+9 Str+2 Int-5}
   (You found it on level 4 of the Lair of Beasts)

   [ring of magical power]

   It affects your strength (+2).
   It affects your intelligence (-5).
   It insulates you from electricity.
   It protects you from poison.
   It affects your magic capacity (+9).
 X - an uncursed ring of protection from cold
Wands
 h - a wand of flame (26/48)
 z - a wand of confusion (22/48)
 O - a wand of digging (5/24)
 Z - a wand of enslavement (9/24)
Scrolls
 q - a scroll of remove curse {@r2}
 s - 6 scrolls of blinking
 u - a scroll of summoning
 H - 3 scrolls of fear
 I - a scroll of random uselessness {unknown}
 L - 9 scrolls of magic mapping
 M - 4 scrolls of teleportation
 R - a scroll of noise {unknown}
 S - 2 scrolls of identify {@r1}
 Y - a scroll of amnesia
Potions
 i - 7 potions of agility
 j - 2 potions of ambrosia {unknown}
 m - 4 potions of might
 r - a potion of resistance {unknown}
 w - 5 potions of heal wounds
 K - 9 potions of curing {@q1}
 T - a potion of cancellation {unknown}
Books
 c - Sif Muna's Disquisition on Arcane Weapons
   (Sif Muna gifted it to you on level 3 of the Swamp)

   Spells                             Type                      Level
   a - Shock                          Conjuration/Air              1
   b - Flame Tongue                   Conjuration/Fire             1
   c - Sting                          Conjuration/Poison           1
   d - Static Discharge               Conjuration/Air              3
   e - Irradiate                      Conjuration/Transmutation    5
   f - Iron Shot                      Conjuration/Earth            6
   g - Orb of Destruction             Conjuration                  7
 o - Sif Muna's Reference Book on Conjuration and Clay
   (Sif Muna gifted it to you on level 1 of the Swamp)

   Spells                             Type                      Level
   a - Conjure Flame                  Conjuration/Fire             3
   b - Stone Arrow                    Conjuration/Earth            3
   c - Sticky Flame                   Conjuration/Fire             4
   d - Bolt of Cold                   Conjuration/Ice              6
   e - Chain Lightning                Conjuration/Air              8
 J - Sif Muna's Collected Works on Enchantment and the Voyage
   (Sif Muna gifted it to you on level 2 of the Swamp)

   Spells                             Type                      Level
   a - Corona                         Hexes                        1
   b - Inner Flame                    Hexes/Fire                   3
   c - Teleport Other                 Translocation                3
   d - Leda's Liquefaction            Hexes/Earth                  4
   e - Darkness                       Hexes                        6
 V - a book of Necromancy

   Spells                             Type                      Level
   a - Pain                           Necromancy                   1
   b - Animate Skeleton               Necromancy                   1
   c - Vampiric Draining              Necromancy                   3
   d - Regeneration                   Charms/Necromancy            3
   e - Animate Dead                   Necromancy                   4
   f - Control Undead                 Necromancy                   4
Miscellaneous
 D - a sack of spiders {used: 1}
 P - a plain deck of defence
Comestibles
 e - 2 fruits


   Skills:
 - Level 10.0 Fighting
 - Level 10.0 Short Blades
 - Level 15.2 Dodging
 - Level 8.5 Stealth
 * Level 17.2 Spellcasting
 + Level 9.7 Conjurations
 - Level 14.5 Hexes
 - Level 10.1 Charms
 + Level 8.8 Fire Magic
 - Level 1.1 Air Magic


You had 12 spell levels left.
You knew the following spells:

 Your Spells              Type           Power        Failure   Level  Hunger
a - Ensorcelled Hibernat  Hex/Ice        #####.       1%          2    None
b - Fireball              Conj/Fire      #####.....   2%          5    ###....
c - Confuse               Hex            ######..     1%          3    None
d - Dazzling Spray        Conj/Hex       ######       1%          3    None
e - Invisibility          Hex            ######..     1%          6    #####..
f - Deflect Missiles      Chrm/Air       ####......   75%         6    #####..
g - Bolt of Fire          Conj/Fire      #####.....   14%         6    #####..
h - Summon Butterflies    Summ           ##......     4%          1    None
z - Haste                 Chrm           #####...     12%         6    #####..


Dungeon Overview and Level Annotations

Branches:
Dungeon (15/15)            Temple (0/1) D:4            Lair (8/8) D:10
  Swamp (4/4) Lair:4        Snake (0/4) Lair:4        Slime (0/6) Lair:8
    Orc (2/2) D:9             Elf (0/3) Orc:2        Vaults (0/5) D:13
 Depths: D:15

Altars:
Dithmenos
Elyvilon
Fedhas
Kikubaaqudgha
Makhleb
Nemelex Xobeh
Okawaru
Pakellas
Qazlal
Ru
Sif Muna
Trog
Vehumet
Yredelemnul

Shops:
D:5 [   D:8 }   Orc:2 :*([

Portals:
Hell: Lair:8

Annotations:
D:10 Thomus's ghost, journeyman HOFi
D:15 varam's ghost, adept SpEn


Innate Abilities, Weirdness & Mutations

You are tiny and cannot use many weapons and most armour.
You have supernaturally acute eyesight.
You are a herbivore.
You cover ground extremely quickly.
You need consume almost no food.
You are frail (-10% HP).


Message History

The swamp dragon misses you. The swamp dragon tramples you.
* * * LOW HITPOINT WARNING * * *
You hold your ground!
The swamp dragon misses you. x2; The swamp dragon completely misses you.
The vampire mosquito bites you.
* * * LOW HITPOINT WARNING * * *
The vampire mosquito barely misses you.
There is a stone staircase leading up here.
The shambling mangrove closely misses you.
The insubstantial wisp completely misses you.
The insubstantial wisp blinks!
You climb upwards.
The grasping roots settle back into the ground.
There is a stone staircase leading down here.
The ground creaks as gnarled roots bulge its surface.
Roots grasp at your feet, making movement difficult.
The insubstantial wisp hits you!
* * * LOW HITPOINT WARNING * * *
The shambling mangrove hits you!
You die...

.♣♣≈≈.♣♣..♣♣♣ ♣♣♣♣
...♣♣.♣♣.8.♣♣ ♣♣♣♣
.♣♣♣♣♣≈≈♣(.≈♣ ♣.≈♣♣♣
.♣♣♣♣♣≈≈♣♣≈≈♣ ♣♣♣♣....♣
≈..♣♣..♣♣♣♣♣♣
♣♣≈.....♣♣♣ ♣♣♣≈≈♣♣♣
♣..§≈≈≈≈≈.♣ ♣♣♣≈≈♣
♣♣♣♣♣♣♣♣≈≈≈≈≈≈≈≈.♣
♣..♣♣♣
♣.≈≈≈...f...≈≈≈.♣♣ ♣♣♣♣
♣.....≈.y@......♣
♣♣♣♣♣♣♣♣♣♣..≈≈≈v...≈♣♣♣♣
.≈≈≈≈..♣ ♣♣≈≈≈≈.≈..♣♣
≈≈≈≈≈.♣♣♣ ♣.≈≈..♣♣♣♣
≈≈≈....≈♣ ♣♣≈...♣
≈≈....≈.♣♣♣♣♣≈≈≈♣
≈.....≈.≈≈≈≈.≈≈≈♣
..≈≈...≈≈≈≈≈.§≈.♣
≈≈♣♣♣≈♣♣..≈.♣♣♣♣♣


You could see a shambling mangrove, a vampire mosquito and an insubstantial
wisp.

Vanquished Creatures
  Maud (D:10)
  An orc warlord (Orc:2)
  3 dire elephants (Lair:8)
  Josephine (D:11)
  21 hydras
  2 death knights
  A ghost crab (Swamp:4)
  A catoblepas (Lair:7)
  An ogre mage (D:12)
  2 centaur warriors (D:14)
  11 alligators
  2 tengu warriors (D:15)
  15 death yaks
  The ghost of lorenzova the Eclecticist, a journeyman DECj of Sif Muna (Lair:1)
  A queen ant (Lair:8)
  6 orc high priests (Orc:2)
  2 spriggan berserkers
  9 spriggans
  Nergalle (D:11)
  Sonja (D:11)
  A wizard (Lair:8)
  An iron troll (D:13)
  2 unseen horrors (D:11)
  10 swamp dragons
  2 spriggan druids (Swamp:2)
  2 shambling mangroves
  The ghost of attackplan the Chopper, a novice HOFi of Cheibriados (D:4)
  10 hill giants
  Pikel (D:4)
  3 orc knights
  3 orc sorcerers (Orc:2)
  An oklob plant (Lair:8)
  5 griffons
  3 cyclopes
  3 hornets
  A manticore (D:14)
  12 ugly things
  16 elephants
  7 black mambas
  27 spiny frogs
  An orange demon (Lair:8)
  A torpor snail (Lair:8)
  3 gargoyles
  2 kobold demonologists (Swamp:3)
  3 freezing wraiths (D:15)
  2 rime drakes (D:14)
  A rime drake (shapeshifter) (D:13)
  15 komodo dragons
  A hellwing (Lair:8)
  4 trolls
  4 ice devils (Lair:8)
  A queen bee (Lair:4)
  2 red devils (Lair:8)
  5 two-headed ogres
  5 giant leeches
  37 slime creatures
  30 blink frogs
  A polar bear (Lair:4)
  A boulder beetle (Lair:7)
  13 bog bodies
  The ghost of jazmu the Firebug, an amateur OpFE (D:3)
  3 shadows
  5 wraiths
  8 wyverns
  9 basilisks
  45 yaks
  17 hippogriffs
  2 hungry ghosts
  21 vampire mosquitoes
  A mottled dragon (D:14)
  Edmund (D:6)
  12 insubstantial wisps
  22 swamp worms
  6 wargs
  2 nagas (Lair:4)
  18 water moccasins
  3 hell hounds
  10 soldier ants
  13 porcupines
  31 orc warriors
  3 slaves (D:4)
  Duvessa (D:4)
  A black bear (D:10)
  6 swamp drakes
  6 necrophages (D:9)
  3 ice beasts
  13 wasps
  23 ogres
  6 sky beasts
  4 phantoms
  19 centaurs
  17 crocodiles
  6 big kobolds
  19 giant frogs
  8 gnoll sergeants (Bailey)
  Dowan (D:4)
  6 scorpions
  22 killer bees
  21 wights
  An electric eel (Lair:4)
  7 crimson imps
  4 giant frog zombies
  5 centaur zombies
  6 jellies
  Crazy Yiuf (D:3)
  10 hounds
  2 giant frog skeletons
  6 gnoll shamans (Bailey)
  19 orc priests
  14 orc wizards
  2 centaur skeletons
  9 iguanas
  29 worker ants
  7 hell rats (Lair:3)
  A killer bee zombie (D:8)
  23 sheep
  A hound zombie (D:9)
  3 hound skeletons
  A mummy (D:9)
  9 adders
  17 gnolls
  54 river rats
  4 shadow imps
  An ooze (D:2)
  2 adder zombies
  An adder skeleton (D:6)
  A worm (D:3)
  3 dart slugs
  8 giant geckos
  93 orcs
  6 bats
  9 giant cockroaches
  13 goblins
  12 hobgoblins
  16 jackals
  11 quokkas
  3 ball pythons
  A giant gecko zombie (D:6)
  6 giant newts
  A jackal skeleton (D:9)
  27 kobolds
  A quokka skeleton (D:6)
  30 rats
  A fungus (Lair:4)
  3 plants (D:10)
1225 creatures vanquished.

Vanquished Creatures (others)
  A blink frog (Swamp:3)
  A giant frog (D:15)
  A dart slug (D:2)
  A giant gecko (D:2)
  A kobold (D:7)
  A bush (Lair:8)
  23 fungi
  30 plants
59 creatures vanquished.

Grand Total: 1284 creatures vanquished

Notes
Turn   | Place    | Note
--------------------------------------------------------------
     0 | D:1      | varam the Spriggan Enchanter began the quest for the Orb.
     0 | D:1      | Reached XP level 1. HP: 9/9 MP: 5/5
    60 | D:1      | Reached skill level 5 in Stealth
   138 | D:1      | Reached XP level 2. HP: 13/13 MP: 6/6
   142 | D:1      | Learned a level 2 spell: Ensorcelled Hibernation
   976 | D:2      | Found a shadowy altar of Dithmenos.
  1017 | D:2      | Reached XP level 3. HP: 16/16 MP: 5/8
  1366 | D:2      | Found a radiant altar of Vehumet.
  1456 | D:2      | Reached XP level 4. HP: 19/21 MP: 4/9
  1700 | D:3      | Found a burning altar of Makhleb.
  1794 | D:3      | Noticed Crazy Yiuf
  1800 | D:3      | Killed Crazy Yiuf
  1923 | D:4      | Reached XP level 5. HP: 20/24 MP: 5/10
  1948 | D:4      | Found an oddly glowing altar of Pakellas.
  1992 | D:4      | Noticed a slave
  1992 | D:4      | Noticed a slave
  1994 | D:4      | Noticed Pikel
  1994 | D:4      | Noticed a slave
  1997 | D:4      | Noticed a slave
  2043 | D:4      | Noticed attackplan's ghost (novice HOFi)
  2049 | D:5      | Entered Level 5 of the Dungeon
  2088 | D:5      | Noticed a sky beast
  2091 | D:5      | Killed a sky beast
  2129 | D:5      | Noticed an ogre
  2134 | D:5      | Killed an ogre
  2134 | D:5      | Reached skill level 5 in Short Blades
  2134 | D:5      | Reached XP level 6. HP: 28/28 MP: 11/11
  2233 | D:6      | Noticed a sky beast
  2240 | D:6      | Killed a sky beast
  2240 | D:6      | Reached skill level 1 in Fighting
  2258 | D:6      | Noticed an orc warrior
  2286 | D:6      | Reached XP level 7. HP: 35/35 MP: 10/12
  2329 | D:7      | Found a deep blue altar of Sif Muna.
  2330 | D:7      | Found a sparkling altar of Nemelex Xobeh.
  2350 | D:7      | Learned a level 3 spell: Confuse
  2364 | D:7      | Reached skill level 5 in Dodging
  2373 | D:7      | Found a white marble altar of Elyvilon.
  2373 | D:7      | Found a blossoming altar of Fedhas.
  2373 | D:7      | Found a sacrificial altar of Ru.
  2377 | D:7      | Found a shadowy altar of Dithmenos.
  2377 | D:7      | Found an ancient bone altar of Kikubaaqudgha.
  2809 | D:7      | Became a worshipper of Sif Muna the Loreminder
  3272 | D:1      | Reached skill level 3 in Spellcasting
  3734 | D:3      | Noticed jazmu's ghost (amateur OpFE)
  3962 | D:3      | Killed jazmu's ghost
  3962 | D:3      | Reached skill level 4 in Spellcasting
  3962 | D:3      | Reached skill level 5 in Hexes
  4886 | D:5      | Found Nouch's Armour Shop.
  4904 | D:5      | Reached XP level 8. HP: 37/39 MP: 12/15
  5099 | D:5      | Reached * piety under Sif Muna
  5618 | D:5      | Found a stormy altar of Qazlal.
  6282 | D:4      | Noticed Duvessa
  6285 | D:4      | Noticed Dowan
  6289 | D:4      | Killed Duvessa
  6292 | D:4      | Killed Dowan
  6374 | D:4      | Killed Pikel
  6374 | D:4      | Reached ** piety under Sif Muna
  6374 | D:4      | Reached skill level 5 in Spellcasting
  6374 | D:4      | Reached XP level 9. HP: 18/44 MP: 4/17
  6943 | D:4      | Killed attackplan's ghost
  6943 | D:4      | Reached skill level 10 in Hexes
  6948 | D:4      | Learned a level 3 spell: Dazzling Spray
  6975 | D:4      | Found a staircase to the Ecumenical Temple.
  7082 | D:6      | Noticed Edmund
  7266 | D:6      | Killed Edmund
  7634 | D:6      | Reached skill level 6 in Spellcasting
  7679 | D:6      | Reached skill level 1 in Conjurations
  7931 | D:7      | Found a basalt altar of Yredelemnul.
  8370 | D:8      | Reached *** piety under Sif Muna
  8555 | D:8      | Found Yremanif's Gadget Boutique.
  8765 | D:8      | Reached XP level 10. HP: 49/49 MP: 8/20
  9132 | D:8      | Found a bloodstained altar of Trog.
  9133 | D:8      | Found an iron altar of Okawaru.
  9191 | D:8      | Reached skill level 7 in Spellcasting
 10489 | D:9      | Reached **** piety under Sif Muna
 11403 | D:9      | Found a staircase to the Orcish Mines.
 11466 | D:9      | Reached skill level 8 in Spellcasting
 11754 | D:10     | Entered Level 10 of the Dungeon
 11854 | D:10     | Reached XP level 11. HP: 39/53 MP: 7/24
 11856 | D:10     | Reached skill level 5 in Fighting
 12039 | D:10     | Noticed Maud
 12086 | D:10     | Killed Maud
 12086 | D:10     | Reached skill level 10 in Dodging
 12552 | D:10     | Noticed Thomus's ghost (journeyman HOFi)
 12792 | D:10     | Found a staircase to the Lair.
 13109 | D:10     | Reached ***** piety under Sif Muna
 13135 | D:10     | Noticed a hill giant
 13143 | D:10     | Killed a hill giant
 13272 | D:11     | Noticed a hill giant
 13273 | D:11     | Killed a hill giant
 13307 | D:11     | Learned a level 6 spell: Deflect Missiles
 13415 | D:11     | Learned a level 6 spell: Haste
 13453 | D:11     | Reached skill level 9 in Spellcasting
 13485 | D:12     | Found a flagged portal.
 13490 | Bailey   | Entered a bailey
 14842 | D:12     | Learned a level 6 spell: Invisibility
 15961 | D:11     | Noticed Nergalle
 15966 | D:11     | Killed Nergalle
 15983 | D:11     | Noticed an unseen horror
 15987 | D:11     | Killed an unseen horror
 15987 | D:11     | Reached skill level 1 in Charms
 15991 | D:11     | Noticed Josephine
 16045 | D:11     | Killed Josephine
 16045 | D:11     | Reached XP level 12. HP: 60/60 MP: 20/26
 16439 | D:11     | Noticed Sonja
 16442 | D:11     | Killed Sonja
 16531 | D:11     | Reached skill level 10 in Spellcasting
 16741 | Lair:1   | Entered Level 1 of the Lair of Beasts
 16778 | D:10     | Learned a level 1 spell: Summon Butterflies
 17497 | Lair:1   | Noticed lorenzova's ghost (journeyman DECj)
 17510 | Lair:1   | Killed lorenzova's ghost
 18271 | Lair:1   | Reached skill level 5 in Charms
 18298 | Lair:1   | Reached ****** piety under Sif Muna
 18638 | Lair:4   | Received a gift from Sif Muna
 19037 | Lair:2   | Reached skill level 10 in Short Blades
 19885 | Lair:3   | Reached XP level 13. HP: 59/66 MP: 11/28
 20026 | Lair:3   | Reached skill level 11 in Spellcasting
 22628 | Lair:4   | Found a staircase to the Snake Pit.
 22967 | Lair:4   | Found a staircase to the Swamp.
 23759 | Lair:4   | Got a warped ivory ring
 24153 | Lair:4   | Received a gift from Sif Muna
 24153 | Lair:4   | Reached skill level 12 in Spellcasting
 24174 | Lair:4   | Learned a level 8 spell: Discord
 25280 | Lair:5   | Reached XP level 14. HP: 64/73 MP: 2/31
 25921 | Lair:5   | Identified the ring "Udwaos" {rElec rPois MP+9 Str+2 Int-5} (You found it on level 4 of the Lair of Beasts)
 27924 | Lair:8   | Entered Level 8 of the Lair of Beasts
 27924 | Lair:8   | Found a staircase to the Slime Pits.
 28092 | Lair:7   | Reached skill level 10 in Charms
 29251 | Lair:8   | Received a gift from Sif Muna
 29262 | Lair:8   | Reached skill level 15 in Dodging
 29620 | Lair:8   | Reached skill level 13 in Spellcasting
 29919 | Lair:8   | Reached skill level 5 in Conjurations
 29934 | Lair:8   | Reached skill level 1 in Air Magic
 30253 | Lair:8   | Learned a level 5 spell: Fireball
 30260 | Lair:8   | Learned a level 6 spell: Bolt of Fire
 30300 | Lair:8   | Reached skill level 1 in Fire Magic
 31197 | Lair:8   | Reached XP level 15. HP: 51/79 MP: 24/33
 31665 | Lair:8   | Found a burning altar of Makhleb.
 31908 | Lair:8   | Received a gift from Sif Muna
 31911 | Lair:8   | Identified Sif Muna's Guide on Changing and Curses (Sif Muna gifted it to you on level 8 of the Lair of Beasts)
 32067 | Lair:8   | Found a gateway to Hell.
 32778 | Orc:1    | Entered Level 1 of the Orcish Mines
 32784 | Orc:2    | Entered Level 2 of the Orcish Mines
 33538 | Orc:2    | Noticed an orc warlord
 33854 | Orc:1    | Found a bloodstained altar of Trog.
 34070 | Orc:2    | Found a staircase to the Elven Halls.
 34234 | Orc:2    | Found Kuenig's General Store.
 34395 | Orc:2    | Killed an orc warlord
 34417 | Orc:2    | Found Zucapten's Antique Armour Shop.
 35544 | Orc:2    | Found Wotetila's Book Shoppe.
 35607 | Orc:2    | Bought a bread ration for 80 gold pieces
 35607 | Orc:2    | Bought a potion of curing for 48 gold pieces
 35620 | Orc:2    | Found Oquclosm's Antique Weapon Emporium.
 36043 | D:12     | Found a bloodstained altar of Trog.
 36270 | D:12     | Reached skill level 5 in Fire Magic
 36312 | D:12     | Gained mutation: Your body sometimes deteriorates upon taking damage. [mutagenic glow]
 37233 | D:13     | Reached skill level 14 in Spellcasting
 37729 | D:13     | Found a sparkling altar of Nemelex Xobeh.
 37993 | D:13     | Received a gift from Sif Muna
 37996 | D:13     | Identified Sif Muna's Almanac of Enhancements (Sif Muna gifted it to you on level 13 of the Dungeon)
 38081 | D:13     | Found a gate to the Vaults.
 39014 | D:14     | Reached skill level 10 in Fighting
 39605 | D:10     | Lost mutation: Your body sometimes deteriorates upon taking damage. [potion of cure mutation]
 39860 | D:14     | Reached XP level 16. HP: 82/85 MP: 16/35
 41207 | D:15     | Entered Level 15 of the Dungeon
 41493 | D:15     | Noticed varam's ghost (adept SpEn)
 42714 | Swamp:1  | Entered Level 1 of the Swamp
 42851 | Swamp:1  | Received a gift from Sif Muna
 42854 | Swamp:1  | Identified Sif Muna's Reference Book on Conjuration and Clay (Sif Muna gifted it to you on level 1 of the Swamp)
 43037 | Swamp:1  | Reached skill level 15 in Spellcasting
 43534 | D:5      | Bought the +1 cloak "Gibi" {rPois} for 248 gold pieces
 46673 | Swamp:2  | Received a gift from Sif Muna
 46676 | Swamp:2  | Identified Sif Muna's Collected Works on Enchantment and the Voyage (Sif Muna gifted it to you on level 2 of the Swamp)
 46718 | Swamp:2  | Reached skill level 16 in Spellcasting
 47632 | Swamp:4  | Entered Level 4 of the Swamp
 49158 | Swamp:3  | Gained mutation: You are frail (-10% HP). [mutagenic glow]
 49962 | Swamp:4  | Reached XP level 17. HP: 53/80 MP: 16/38
 50202 | Swamp:4  | Reached skill level 17 in Spellcasting
 50455 | Swamp:3  | HP: 1/80 [spriggan rider/spear (13)]
 50874 | Swamp:3  | Received a gift from Sif Muna
 50877 | Swamp:3  | Identified Sif Muna's Disquisition on Arcane Weapons (Sif Muna gifted it to you on level 3 of the Swamp)
 51636 | Swamp:3  | Slain by a shambling mangrove

Skill      XL: |  1  2  3  4  5  6  7  8  9 10 11 12 13 14 15 16 17 |
---------------+----------------------------------------------------+-----
Stealth        | 5 6 7 8 |  8.5
Short Blades   | 3 5 6 7 9 10 | 10.0
Fighting       | 2 3 4 6 7 8 9 10 | 10.0
Dodging        | 4 5 6 8 9 11 12 14 15 | 15.2
Hexes          | 6 9 10 11 12 13 14 | 14.5
Spellcasting   | 4 5 6 8 9 10 12 13 14 16 17 | 17.2
Conjurations   | 1 3 5 7 9 |  9.7
Charms         | 1 5 9 10 | 10.1
Air Magic      | 1 |  1.1
Fire Magic     | 2 6 8 |  8.8

Action                   |  1- 3 |  4- 6 |  7- 9 | 10-12 | 13-15 | 16-18 || total
-------------------------+-------+-------+-------+-------+-------+-------++-------
Melee: Dagger            |   134 |    62 |   393 |   896 |  1473 |   640 ||  3598
       Short sword       |       |       |       |       |   178 |   143 ||   321
Throw: Tomahawk          |       |       |       |     1 |     4 |     2 ||     7
 Cast: Corona            |     9 |       |       |       |       |       ||     9
       Ensorcelled Hiber |    11 |    11 |    45 |    32 |    55 |    11 ||   165
       Confuse           |       |       |    70 |   200 |   193 |   124 ||   587
       Dazzling Spray    |       |       |       |    80 |   240 |    56 ||   376
       Invisibility      |       |       |       |     1 |    28 |    21 ||    50
       Haste             |       |       |       |       |    12 |     6 ||    18
       Fireball          |       |       |       |       |    24 |    29 ||    53
       Deflect Missiles  |       |       |       |       |     2 |       ||     2
       Bolt of Fire      |       |       |       |       |     3 |    25 ||    28
       Summon Butterflie |       |       |       |       |     3 |       ||     3
Invok: Channel Energy    |       |       |       |     1 |       |     1 ||     2
       Forget Spell      |       |       |       |       |     1 |       ||     1
Evoke: Wand              |       |       |       |       |     1 |       ||     1
       Sack of spiders   |       |       |       |       |       |     1 ||     1
  Use: Scroll            |       |       |       |    13 |     7 |     4 ||    24
       Potion            |       |       |       |     1 |     4 |     4 ||     9
 Stab: Sleeping          |    20 |    23 |    58 |    36 |   104 |    23 ||   264
       Confused          |       |       |    42 |   121 |   146 |    79 ||   388
       Distracted        |       |       |     3 |     1 |     1 |       ||     5
       Invisible         |       |       |       |    28 |   207 |   129 ||   364
  Eat: Bread ration      |       |       |     2 |     2 |     5 |     1 ||    10
       Pizza             |       |       |     1 |       |     4 |       ||     5
       Fruit             |       |       |       |       |    12 |    30 ||    42
       Royal jelly       |       |       |       |       |     1 |       ||     1
Armor: Robe              |    25 |    10 |    16 |    10 |    36 |    27 ||   124
Dodge: Dodged            |   146 |    43 |   192 |   398 |   932 |   571 ||  2282
       Deflected         |       |       |       |       |     5 |     5 ||    10
Block: Buckler           |       |       |       |       |       |    34 ||    34
